Map: 2000 Atmospheres LE

Players

LiquidClem (Clem) - Winner!

  • Race: Terran Terran
  • League: Grandmaster

DnS

  • Race: Protoss Protoss
  • League: Master

Event: DreamHack SC2 Masters 2021 Summer

VOD

Have the link to the VOD?

Description

Time

  • Played on: June 1, 2021, 1:13 p.m.
  • Length: 12:25

All games in this series

Show
View Real Time Build Order
Export as new Build Order

LiquidClem Terran - Winner!

Build Orders: Reaper Expand 

Get SALT Encoding   

  12  0:00  SCV  
  13  0:12  SCV  
  14  0:17  Supply Depot  
  14  0:24  SCV  
  15  0:38  SCV  
  15  0:40  Barracks  
  15  0:42  Refinery  
  16  0:50  SCV  
  17  1:02  SCV  
  18  1:14  SCV  
  19  1:27  Reaper, Orbital Command  
  20  1:39  Command Center  
  20  1:47  Supply Depot  
  20  1:55  Bunker  
  20  1:57  SCV  
  20  1:58  Marine  
  22  2:09  SCV  
  22  2:10  Factory  
  23  2:16  Bunker  
  23  2:21  Barracks Reactor, SCV  
  24  2:29  Refinery  
  24  2:33  SCV  
  25  2:45  SCV  
  26  2:53  Orbital Command  
  26  2:55  Hellion  
  26  2:57  Marine x2  
  30  3:00  Starport  
  30  3:04  SCV  
  31  3:15  Marine x2  
  31  3:16  SCV  
  31  3:17  Hellion  
  36  3:20  SCV  
  37  3:27  Supply Depot  
  37  3:29  SCV  
  37  3:32  SCV  
  39  3:35  Marine  
  39  3:36  Marine  
  39  3:37  Medivac  
  41  3:43  Hellion  
  41  3:45  SCV  
  40  3:52  SCV  
  40  3:53  Marine  
  40  3:54  Marine  
  43  3:57  Supply Depot  
  43  3:58  SCV  
  43  4:04  SCV  
  43  4:06  Factory Tech Lab  
  44  4:10  SCV  
  44  4:11  Marine  
  44  4:12  Marine  
  44  4:15  Barracks  
  44  4:16  SCV  
  48  4:17  Starport Tech Lab  
  48  4:22  Barracks  
  49  4:24  SCV  
  49  4:29  SCV  
  53  4:31  Siege Tank  
  53  4:36  SCV  
  53  4:37  Marine x2  
  56  4:41  SCV  
  57  4:48  SCV  
  57  4:50  Engineering Bay  
  57  4:52  Refinery  
  58  4:54  SCV  
  58  4:55  Marine x2  
  60  5:00  SCV  
  60  5:02  Supply Depot  
  60  5:06  SCV  
  62  5:09  Stimpack  
  62  5:12  Factory Reactor  
  62  5:14  Supply Depot  
  62  5:19  Marine  
  62  5:21  SCV  
  62  5:23  Marauder x2, Marine  
  62  5:25  Starport Reactor  
  62  5:26  SCV  
  66  5:30  Terran Infantry Weapons Level 1, Supply Depot  
  66  5:35  SCV  
  67  5:40  Marine, Combat Shield  
  67  5:42  SCV  
  69  5:45  Marauder  
  69  5:46  Refinery  
  69  5:48  SCV  
  69  5:49  Supply Depot  
  72  5:50  Marine  
  72  5:52  Marauder  
  75  5:57  SCV  
  75  5:58  Marine, Supply Depot  
  77  6:06  Supply Depot  
  77  6:07  SCV, Marine  
  77  6:10  Marauder  
  79  6:17  Marauder, Medivac x2  
  83  6:19  SCV  
  83  6:24  Widow Mine x2  
  85  6:26  Marine x2  
  85  6:31  Marauder  
  89  6:37  SCV  
  89  6:38  Marauder  
  88  6:46  Marine x2, Supply Depot  
  90  6:47  Widow Mine, Medivac x2  
  90  6:48  Widow Mine  
  90  6:53  Marauder  
  98  6:54  Concussive Shells  
  98  6:58  Supply Depot  
  98  7:00  Marauder  
  98  7:04  Marine x2  
  98  7:06  Command Center  
  100  7:12  Supply Depot  
  100  7:13  Widow Mine x2  
  103  7:16  Marauder  
  103  7:22  Supply Depot  
  105  7:23  Marauder  
  105  7:24  Marine  
  105  7:25  Marine  
  108  7:37  Widow Mine x2  
  108  7:38  SCV, Marauder  
  111  7:45  Marauder  
  111  7:46  Marine x2  
  111  7:51  Medivac x2  
  106  7:58  Widow Mine x2  
  106  8:03  Terran Infantry Armor Level 1, Barracks  
  106  8:04  Barracks  
  105  8:06  SCV x2  
  105  8:09  Marine x2  
  109  8:13  Marauder  
  109  8:16  Marauder  
  109  8:18  SCV  
  114  8:21  Orbital Command  
  114  8:22  SCV  
  115  8:28  Widow Mine x2  
  115  8:29  Marine x2  
  115  8:30  SCV  
  122  8:34  SCV  
  122  8:37  Marauder  
  125  8:42  SCV  
  125  8:44  Liberator x2  
  125  8:47  Marauder  
  125  8:48  Supply Depot  
  134  8:50  SCV x2  
  134  8:51  Barracks Reactor, Barracks Tech Lab  
  134  8:54  SCV  
  137  8:57  Marine x2  
  137  8:59  Marauder  
  137  9:02  SCV x2  
  139  9:05  Widow Mine  
  139  9:09  SCV, Marauder  
  142  9:13  Marauder  
  142  9:14  Widow Mine, SCV, Marine  
  148  9:17  Marine  
  148  9:18  Supply Depot  
  148  9:20  Marauder  
  148  9:21  SCV x2  
  149  9:27  Liberator  
  149  9:30  Marauder, Ghost Academy  
  152  9:35  Marauder, Marine x3  
  152  9:37  Marine  
  158  9:39  Widow Mine  
  158  9:40  Widow Mine  
  158  9:41  Marauder  
  158  9:42  Supply Depot  
  158  9:44  Supply Depot  
  157  9:49  SCV  
  157  9:51  SCV, Marine  
  144  9:53  Marine  
  144  9:55  Medivac  
  144  9:56  Marauder  
  144  9:57  Marine x2  
  133  10:00  Marine  
  133  10:01  Widow Mine  
  133  10:03  Marauder  
  133  10:06  SCV  
  129  10:09  Marauder  
  129  10:11  Marine  
  129  10:12  Liberator  
  129  10:13  Widow Mine  
  131  10:19  Marine x2  
  131  10:21  Marine x2, Command Center  
  135  10:26  Ghost  
  135  10:28  Refinery  
  137  10:31  Ghost  
  137  10:32  Marine  
  142  10:36  Widow Mine  
  142  10:38  Marine x2  
  142  10:40  Widow Mine  
  142  10:41  Marine  
  147  10:47  Medivac  
  147  10:49  Marauder  
  147  10:51  Marine  
  147  10:55  SCV, Marauder  
  151  10:57  Refinery  
  151  11:00  Marauder, Marine x2  
  151  11:02  Widow Mine, Medivac  
  151  11:03  SCV  
  159  11:08  Marine  
  160  11:12  Marauder, Marine  
  160  11:16  Marine  
  160  11:17  Armory, Medivac  
  163  11:21  Marine x2  
  163  11:22  Marauder, Engineering Bay  
  163  11:25  Widow Mine  
  167  11:29  Widow Mine, Marine x2  
  169  11:33  Marauder, Medivac  
  166  11:40  Marauder  
  166  11:43  Marauder  
  166  11:46  Widow Mine  
  167  11:47  Medivac  
  167  11:49  Marine  
  167  11:50  Widow Mine  
  163  11:55  Marauder  
  163  11:57  Marine x3  
Show
View Real Time Build Order
Export as new Build Order

DnS Protoss 

Build Orders: 1 Gate Expand, Blink Stalkers 

Get SALT Encoding   

  12  0:09  Pylon  
  12  0:12  Probe  
  13  0:28  Gateway  
  13  0:30  Probe (Chrono Boost)  
  14  0:40  Probe (Chrono Boost)  
  14  0:42  Assimilator  
  15  0:45  Probe (Chrono Boost)  
  16  0:57  Probe  
  17  1:09  Probe  
  18  1:16  Cybernetics Core  
  18  1:22  Probe  
  19  1:30  Nexus  
  19  1:34  Probe  
  19  1:39  Pylon  
  20  1:47  Probe  
  20  1:50  Adept (Chrono Boost)  
  23  1:59  Probe  
  23  2:00  Assimilator  
  24  2:05  Warp Gate  
  24  2:10  Adept (Chrono Boost)  
  24  2:11  Probe  
  27  2:24  Probe  
  28  2:32  Adept  
  31  2:38  Probe (Chrono Boost)  
  31  2:42  Probe (Chrono Boost)  
  34  2:51  Probe (Chrono Boost), Twilight Council  
  34  2:52  Probe (Chrono Boost)  
  34  2:56  Probe (Chrono Boost)  
  34  3:00  Probe  
  36  3:08  Probe  
  36  3:12  Probe  
  38  3:15  Stalker  
  40  3:20  Blink (Chrono Boost)  
  40  3:21  Probe, Gateway  
  40  3:24  Probe  
  42  3:27  Pylon  
  42  3:33  Probe  
  43  3:36  Probe  
  40  3:49  Probe  
  40  3:50  Shield Battery  
  40  3:55  Stalker  
  41  3:58  Probe  
  41  4:02  Robotics Facility  
  42  4:06  Gateway  
  40  4:11  Probe x2  
  40  4:15  Stalker  
  44  4:17  Nexus  
  44  4:22  Stalker  
  47  4:24  Probe  
  47  4:26  Probe  
  47  4:31  Pylon  
  48  4:38  Stalker  
  50  4:47  Stalker  
  50  4:50  Pylon, Warp Prism  
  50  4:51  Probe  
  55  4:53  Probe  
  55  4:59  Gateway  
  56  5:04  Stalker  
  56  5:05  Probe x2  
  60  5:10  Stalker  
  62  5:17  Probe x2  
  62  5:19  Pylon  
  64  5:29  Probe x2  
  64  5:30  Probe  
  64  5:34  Stalker  
  64  5:35  Stalker  
  71  5:37  Charge (Chrono Boost)  
  71  5:41  Probe x2  
  71  5:42  Probe  
  74  5:43  Pylon  
  74  5:53  Probe x2  
  74  5:54  Probe  
  74  5:55  Forge  
  74  5:56  Pylon  
  77  5:57  Stalker x2  
  77  6:00  Shield Battery  
  81  6:05  Probe x2  
  81  6:06  Probe  
  82  6:17  Probe, Gateway  
  82  6:18  Probe  
  84  6:23  Stalker x2  
  81  6:30  Probe  
  77  6:33  Gateway  
  77  6:34  Gateway  
  77  6:36  Gateway  
  77  6:37  Probe  
  77  6:38  Probe, Gateway  
  75  6:42  Probe  
  75  6:48  Gateway x2, Protoss Ground Weapons Level 1 (Chrono Boost)  
  75  6:49  Probe  
  75  6:52  Probe  
  77  6:54  Probe  
  79  7:01  Probe  
  79  7:02  Observer (Chrono Boost), Zealot x2  
  79  7:05  Probe  
  79  7:06  Photon Cannon  
  79  7:08  Pylon  
  85  7:20  Immortal (Chrono Boost)  
  85  7:22  Zealot  
  91  7:24  Pylon  
  91  7:28  Zealot x3  
  91  7:29  Zealot  
  93  7:39  Zealot x2  
  93  7:43  Zealot x3  
  95  7:58  Probe, Immortal  
  95  7:59  Probe x2  
  95  8:04  Zealot, Sentry  
  102  8:07  Zealot, Assimilator  
  102  8:08  Zealot x3, Assimilator  
  110  8:14  Stalker  
  110  8:15  Stalker x2  
  116  8:26  Stalker  
  115  8:31  Photon Cannon  
  115  8:33  Probe  
  116  8:34  Stalker  
  116  8:39  Probe  
  119  8:43  Probe  
  119  8:45  Probe  
  119  8:47  Zealot  
  119  8:48  Zealot  
  125  8:51  Pylon x2  
  125  8:52  Pylon  
  125  8:59  Templar Archives  
  125  9:07  Probe  
  125  9:09  Zealot x8  
  139  9:30  Stalker x2  
  139  9:31  Zealot x2, Stalker x2  
  147  9:33  Pylon  
  147  9:36  Pylon  
  147  9:37  Pylon  
  115  9:56  Psionic Storm, Zealot x5  
  115  9:57  Zealot x4  
  103  10:05  Protoss Ground Armor Level 1 (Chrono Boost)  
  91  10:19  High Templar x2  
  91  10:20  High Templar  
  97  10:32  Zealot x5  
  107  10:39  Immortal  
  107  10:42  Nexus  
  107  10:47  Zealot  
  107  10:52  Zealot, Sentry x2  
  107  10:53  Zealot x3  
  115  10:59  Zealot x2  
  115  11:05  Pylon  
  113  11:12  Stalker  
  113  11:15  Probe x3  
  115  11:24  Zealot x3  
  115  11:25  Zealot  
  127  11:27  Zealot  
  127  11:29  Zealot  
  127  11:30  Zealot x2  
  93  11:49  Zealot x4  
  93  11:50  Zealot  
  84  11:54  Archon  
  84  11:56  Stalker x3  
  84  12:00  Zealot  
Tags
 
Add a new tag
Caveats
  • Supply blocks, unpowered buildings, or Contaminate may cause inaccurate times.
  • Supply counts are checked every 10 seconds.